 Dungeon Sprint DCSS version 0.30-a0-862-g1aabd4f9c5 (webtiles) character file.

Game seed: 3030221074238503291

498 Demosthentine the Blocker (level 7, -1/62 HPs)
             Began as a Formicid Fighter on Mar 9, 2023.
             Slain by a vampire mosquito (10 damage)
             ... in the Dungeon (Sprint II: "The Violet Keep of Menkaure").
             The game lasted 00:02:11 (319 turns).

Demosthentine the Blocker (Formicid Fighter)         Turns: 319, Time: 00:02:12

Health: -1/62      AC:  8    Str: 23    XL:     7   Next: 39%
Magic:  7/7        EV: 12    Int:  7    God:
Gold:   243        SH:  6    Dex: 13    Spells: 6/6 levels left

rFire   . . .      SeeInvis +    a - +0 war axe
rCold   . . .      Faith    .    c - +0 buckler
rNeg    . . .      Spirit   .    b - +0 scale mail
rPois   .          Reflect  .    (helmet unavailable)
rElec   .          Rampage  .    (no cloak)
rCorr   .                        (no gloves)
Will    .....                    (no boots) Stlth
                                 (no amulet)
HPRegen 0.30/turn                (no ring)
MPRegen 0.10/turn                (no ring)

@: very slow
A: permanent stasis, dig shafts and tunnels, antennae 3, four strong arms
a: Dig


You were in the Dungeon.
You visited 1 branch You collected 243 gold pieces.

Inventory:

Hand Weapons
 a - a +0 war axe (weapon)
Armour
 b - a +0 scale mail (worn)
 c - a +0 buckler (worn)
Scrolls
 h - a scroll of blinking
Potions
 e - a potion of curing
 g - 2 potions of magic


   Skills:
 + Level 8.0 Fighting
 + Level 6.9 Axes
 + Level 8.0 Armour
 + Level 5.9 Dodging
 + Level 9.6 Shields


You had 6 spell levels left.
You didn't know any spells.
Your spell library was empty.

Dungeon Overview and Level Annotations

Branches:
Dungeon (1/1)

Altars:

Shops:
D :[!=:=*![[?*[[(

Annotations:
D exclusion: oklob plant


Innate Abilities, Weirdness & Mutations

You cannot be hasted, slowed, berserked, paralysed or teleported.
You can dig through walls and to a lower floor.
You have a pair of large antennae on your head. (SInv)
Your four strong arms can wield two-handed weapons with a shield.


Message History

The vampire mosquito misses you. The vampire mosquito barely misses you.
Unknown command.
Your unstable footing causes you to fumble your attack.
The vampire mosquito bites you!
The vampire mosquito draws strength from your injuries!
The vampire mosquito bites you.
The vampire mosquito draws strength from your injuries!
You closely miss the vampire mosquito.
The vampire mosquito is heavily damaged.
The vampire mosquito barely misses you. x2
Unknown command.
Your unstable footing causes you to fumble your attack.
You block the vampire mosquito's attack.
The vampire mosquito completely misses you.
Your unstable footing causes you to fumble your attack.
You block the vampire mosquito's attack.
The vampire mosquito bites you.
* * * LOW HITPOINT WARNING * * *
The vampire mosquito draws strength from your injuries!
Unknown command.
You miss the vampire mosquito.
The vampire mosquito is moderately damaged.
The vampire mosquito bites you!
* * * LOW HITPOINT WARNING * * *
The vampire mosquito draws strength from your injuries!
You block the vampire mosquito's attack.
The vampire mosquito closely misses you.
Your unstable footing causes you to fumble your attack.
The vampire mosquito bites you.
* * * LOW HITPOINT WARNING * * *
The vampire mosquito draws strength from your injuries!
The vampire mosquito closely misses you.
Unknown command.
You closely miss the vampire mosquito.
The vampire mosquito is lightly damaged.
The vampire mosquito bites you.
* * * LOW HITPOINT WARNING * * *
The vampire mosquito draws strength from your injuries!
The vampire mosquito bites you!
You die...

##...∩.∩..#~~~~#..#..#....#{
##..∩.∩...#~~####.).####..##
##.⌠.∩....#~##{ ##'##
{##..#{ ##....∩...#~# ##.##{
#..# ##...∩.∩..'~+ +.<.+
+..## ##....∩.∩.#~# ##.## {
#.... #▓▓▓▓▓▓▓###~##{ #+# {
#.... ##)YY######~~###
##~~.§. #).Y#${ ##@~~#{{ {
~~~~§~~ #∩P{+= #y#~##
##~~~~~§~ #[.{ ?
#!#~~##+##~~~≈≈≈~~ #?$. ##
####~~~~~~~~~~§≈≈ ##+#
#+++#+++#~≈≈≈§ #{SSS°≈≈ ≈§≈#
#°°°S°°≈≈≈# ≈≈# {
+○°§°§°°§○≈≈+ ≈#
##○°≈°≈°°≈≈## §≈


You could see a vampire mosquito.

Vanquished Creatures
  A merfolk siren (D)
  2 water moccasins (D)
3 creatures vanquished.

Vanquished Creatures (others)
  Menkaure (D)
1 creature vanquished.

Grand Total: 4 creatures vanquished

Notes
Turn   | Place    | Note
-------+----------+-------------------------------------------
     0 | D        | Demosthentine the Formicid Fighter began the quest for the
                  | Orb.
     0 | D        | Reached XP level 1. HP: 18/18 MP: 1/1
     1 | D        | Noticed a merfolk siren
     9 | D        | Killed a merfolk siren
    10 | D        | Reached skill level 5 in Dodging
    10 | D        | Reached skill level 8 in Shields
    10 | D        | Reached XP level 2. HP: 31/31 MP: 2/2
    10 | D        | Reached XP level 3. HP: 36/36 MP: 3/3
    10 | D        | Reached XP level 4. HP: 43/43 MP: 4/4
    10 | D        | Reached XP level 5. HP: 48/48 MP: 5/5
    10 | D        | Reached XP level 6. HP: 55/55 MP: 6/6
    14 | D        | Noticed a flying skull
    14 | D        | Noticed a flying skull
    14 | D        | Noticed a flying skull
    14 | D        | Noticed a flying skull
    14 | D        | Noticed a flying skull
    14 | D        | Noticed a flying skull
    15 | D        | Noticed a flying skull
    15 | D        | Noticed a flying skull
    15 | D        | Noticed a flying skull
    15 | D        | Noticed a flying skull
    16 | D        | Noticed a flying skull
    16 | D        | Noticed a water moccasin
    18 | D        | Noticed a flying skull
    20 | D        | Killed a water moccasin
    21 | D        | Reached skill level 9 in Shields
    21 | D        | Reached XP level 7. HP: 56/61 MP: 7/7
    21 | D        | Found Tuan Gush's Antique Weapon Shoppe.
    21 | D        | Killed Menkaure
    22 | D        | Found Vuak's Antique Armour Shoppe.
    22 | D        | Found Nikuopaw's Antique Armour Emporium.
    32 | D        | Noticed a water moccasin
    40 | D        | Killed a water moccasin
    82 | D        | Found Cotitz's Magic Scroll Shoppe.
    82 | D        | Found Abodeqod's Armour Emporium.
    82 | D        | Found Febbyagu's General Store.
    83 | D        | Found Hify's General Store.
    83 | D        | Found Rawk's Jewellery Emporium.
    83 | D        | Found Nephol's Distillery.
    83 | D        | Found Ketuc's Antique Armour Shoppe.
    84 | D        | Found Haenk's Jewellery Shoppe.
    84 | D        | Found Nusemunt's Distillery.
    84 | D        | Found Aschiusag's Book Emporium.
    85 | D        | Found Etushrucy's Antique Armour Emporium.
    85 | D        | Noticed a yak
    85 | D        | Noticed a yak
    88 | D        | Noticed an oklob plant
    88 | D        | Noticed a hell hog
    88 | D        | Noticed a yak
    88 | D        | Noticed a hell hog
    89 | D        | Found Pydo's Book Shoppe.
   295 | D        | Noticed a vampire mosquito
   319 | D        | Slain by a vampire mosquito

Illustrated notes

Levels and vault maps discovered:
D:        the_violet_keep_of_menkaure [sprint2_stairs_cluster_1,
          sprint2_shoproom, sprint2_temple, sprint2_basic_supplies,
          sprint2_obstacle_5, sprint2_obstacle_4, sprint2_obstacle_1,
          sprint2_obstacle_2, sprint2_obstacle_3, sprint2_timed_cluster_1,
          sprint2_smallroom_cluster_1, sprint2_smallroom_final_cluster_1,
          sprint2_transparent_cluster_1, sprint2_second_timed_cluster_1,
          sprint2_sniper_area_1, sprint2_heavy_combat_area_1,
          sprint2_mutation_trap_area_1, sprint2_forest_area_1,
          sprint2_light_combat_area_1, sprint2_behind_water_1,
          sprint2_near_end_vault_1]

Skill      XL: |  1  2  3  4  5  6  7 |
---------------+----------------------+-----
Fighting       | 7 8 |  8.0
Axes           | 6 |  6.9
Armour         | 7 8 |  8.0
Dodging        | 5 |  5.9
Shields        | 8 9 |  9.6

Action                     |  1- 3 |  4- 6 |  7- 9 || total
---------------------------+-------+-------+-------++-------
  Melee: War axe           |     6 |     3 |    30 ||    39
    Use: Potion            |     1 |       |     1 ||     2
 Armour: Scale mail        |       |     1 |    14 ||    15
  Dodge: Dodged            |       |     3 |    14 ||    17
  Block: Buckler           |       |       |    15 ||    15

Table legend: (Time is in decaauts)
 A = Elapsed time spent in this place.
 B = Non-inter-level travel time spent in this place.
 C = Inter-level travel time spent in this place.
 D = Time resting spent in this place.
 E = Time spent auto-exploring this place.
 F = Levels seen in this place.
 G = Mean time per level.
                   A        B        C        D        E       F      G
               +--------+--------+--------+--------+--------+-----+--------+
         Total |    342 |    342 |      0 |    186 |      0 |   1 |  342.0 |
       Dungeon |    342 |    342 |      0 |    186 |      0 |   1 |  342.0 |
               +--------+--------+--------+--------+--------+-----+--------+

Top non-repeatable levels by time:
       D: 342 daAuts
